[ AOE2 MATCH · #505590113 ]
UnrankedTeutons vs Chinese
Player's team · LOSS
Rival team · WIN
[ REPLAY ANALYSIS · EXTRACTED FROM THE RECORDED GAME ]
Feudal
8:54
Castle
21:06
Imperial
48:19
| APM avg | 51.4 |
| APM peak | 107 |
| eAPM avg | 28.5 |
| Villagers / military | 270 / 185 |
Focus
⚔️ 31.7% · 🌾 68.3%
Knight ×133 · Trade Cart ×17 · Scorpion ×14 · Trebuchet (Packed) ×9 · Monk ×7 · Bombard Cannon ×7
Feudal
9:16
Castle
28:46
Imperial
48:10
| APM avg | 54.0 |
| APM peak | 104 |
| eAPM avg | 25.2 |
| Villagers / military | 181 / 376 |
Focus
⚔️ 45.4% · 🌾 54.6%
Spearman ×152 · Scout Cavalry ×95 · Chu Ko Nu ×67 · Archer ×28 · Cavalry Archer ×12 · Trebuchet (Packed) ×10
Match map
Initial resources + every placement click. Lines = walls · curves = elevation contours. ◆ gold · ⬟ stone · ● berries · ✦ relic · ◌ wall gap
Your base· Open — unwalled flank
DS_Alec's base· Open — unwalled flank
Smoothed initial terrain · ◌ = detected wall gap · hover for details
Inputs per minute
— Kaydos - - DS_Alec
Build order — Kaydos
First 150 of 776 actions detected
| 0:03 | Create | Villager (Male) |
| 0:03 | Create | Villager (Male) |
| 0:04 | Build | House |
| 0:34 | Create | Villager (Male) |
| 0:35 | Create | Villager (Male) |
| 1:33 | Create | Villager (Male) |
| 1:33 | Create | Villager (Male) |
| 2:06 | Create | Villager (Male) |
| 2:29 | Create | Villager (Male) |
| 2:51 | Create | Villager (Male) |
| 3:10 | Create | Villager (Male) |
| 3:18 | Build | Lumber Camp |
| 3:24 | Create | Villager (Male) |
| 3:41 | Build | House |
| 3:52 | Create | Villager (Male) |
| 4:27 | Create | Villager (Male) |
| 4:52 | Create | Villager (Male) |
| 5:19 | Build | Mill |
| 5:29 | Create | Villager (Male) |
| 5:37 | Research | Loom |
| 5:44 | Create | Villager (Male) |
| 5:45 | Research | Loom |
| 6:36 | Research | Feudal Age |
| 7:28 | Build | House |
| 7:48 | Build | Mining Camp |
| 8:34 | Build | House |
| 8:48 | Create | Villager (Male) |
| 8:54 | Build | Barracks |
| 8:54 | Age | Feudal Age |
| 9:16 | Create | Villager (Male) |
| 9:17 | Research | Double-Bit Axe |
| 9:33 | Build | Watch Tower |
| 9:47 | Create | Villager (Male) |
| 9:51 | Create | Spearman |
| 10:08 | Create | Villager (Male) |
| 10:17 | Create | Villager (Male) |
| 10:23 | Create | Spearman |
| 10:42 | Build | Watch Tower |
| 11:07 | Create | Villager (Male) |
| 11:09 | Create | Spearman |
| 11:48 | Create | Villager (Male) |
| 11:51 | Build | Farm |
| 11:51 | Build | Farm |
| 11:51 | Build | Farm |
| 11:52 | Build | Farm |
| 11:52 | Build | Farm |
| 11:52 | Build | Farm |
| 12:08 | Create | Militia |
| 12:08 | Create | Militia |
| 12:27 | Create | Villager (Male) |
| 12:38 | Build | Market |
| 12:52 | Create | Villager (Male) |
| 13:12 | Build | Watch Tower |
| 13:14 | Research | Man-at-Arms (upgrade) |
| 13:21 | Build | House |
| 13:27 | Build | Farm |
| 13:41 | Create | Villager (Male) |
| 13:46 | Build | House |
| 13:54 | Build | Palisade Gate |
| 13:57 | Build | Palisade Wall |
| 14:08 | Create | Villager (Male) |
| 14:10 | Build | Farm |
| 14:35 | Build | Farm |
| 15:05 | Create | Villager (Male) |
| 15:23 | Build | Archery Range |
| 15:25 | Create | Villager (Male) |
| 15:39 | Create | Villager (Male) |
| 15:43 | Build | Palisade Wall |
| 15:59 | Build | Palisade Wall |
| 16:03 | Build | Palisade Wall |
| 16:12 | Create | Villager (Male) |
| 16:31 | Build | Blacksmith |
| 16:33 | Create | Skirmisher |
| 16:34 | Create | Villager (Male) |
| 16:40 | Build | Palisade Wall |
| 17:03 | Create | Villager (Male) |
| 17:07 | Build | Palisade Wall |
| 17:28 | Create | Villager (Male) |
| 17:40 | Build | House |
| 17:46 | Create | Skirmisher |
| 17:49 | Create | Villager (Male) |
| 18:02 | Build | Palisade Wall |
| 18:09 | Build | Mining Camp |
| 18:26 | Research | Castle Age |
| 18:42 | Create | Skirmisher |
| 19:07 | Create | Skirmisher |
| 19:11 | Create | Villager (Male) |
| 19:21 | Create | Skirmisher |
| 19:38 | Build | Stable |
| 19:45 | Build | House |
| 19:46 | Build | House |
| 20:11 | Research | Scale Barding Armor |
| 20:29 | Build | House |
| 20:54 | Research | Bloodlines |
| 20:54 | Research | Bloodlines |
| 21:00 | Build | Palisade Wall |
| 21:06 | Age | Castle Age |
| 21:10 | Create | Knight |
| 21:11 | Create | Villager (Male) |
| 21:20 | Build | Siege Workshop |
| 21:26 | Build | Monastery |
| 21:33 | Create | Knight |
| 21:35 | Create | Villager (Male) |
| 21:56 | Create | Villager (Male) |
| 22:15 | Build | Town Center |
| 22:21 | Create | Knight |
| 22:25 | Build | House |
| 22:27 | Build | House |
| 22:29 | Build | House |
| 22:37 | Create | Villager (Male) |
| 22:41 | Create | Knight |
| 22:51 | Build | Siege Workshop |
| 23:07 | Create | Villager (Male) |
| 23:14 | Create | Knight |
| 23:19 | Create | Villager (Male) |
| 23:28 | Create | Monk |
| 24:01 | Create | Villager (Male) |
| 24:04 | Create | Knight |
| 24:23 | Create | Villager (Male) |
| 24:25 | Build | House |
| 24:40 | Build | Palisade Wall |
| 24:44 | Create | Knight |
| 24:49 | Create | Battering Ram |
| 24:50 | Build | House |
| 24:53 | Create | Villager (Male) |
| 25:08 | Create | Villager (Male) |
| 25:24 | Create | Villager (Male) |
| 25:38 | Create | Villager (Male) |
| 26:13 | Build | Stable |
| 26:13 | Create | Villager (Male) |
| 26:17 | Build | Farm |
| 26:23 | Build | Mill |
| 26:24 | Build | Farm |
| 26:24 | Build | Farm |
| 26:24 | Build | Farm |
| 26:25 | Build | Farm |
| 26:25 | Build | Farm |
| 26:25 | Build | Farm |
| 26:25 | Build | Farm |
| 26:30 | Create | Knight |
| 26:41 | Create | Villager (Male) |
| 26:41 | Create | Villager (Male) |
| 26:44 | Create | Scorpion |
| 27:03 | Build | House |
| 27:07 | Build | Palisade Gate |
| 27:10 | Build | Palisade Gate |
| 27:15 | Build | House |
| 27:18 | Create | Villager (Male) |
| 27:20 | Build | Farm |
| 27:24 | Create | Knight |
Build order — DS_Alec
First 150 of 862 actions detected
| 0:11 | Research | Loom |
| 0:43 | Create | Villager (Male) |
| 1:10 | Create | Villager (Male) |
| 1:33 | Create | Villager (Male) |
| 1:57 | Create | Villager (Male) |
| 2:22 | Create | Villager (Male) |
| 2:37 | Build | Lumber Camp |
| 2:44 | Create | Villager (Male) |
| 3:01 | Create | Villager (Male) |
| 3:42 | Create | Villager (Male) |
| 3:42 | Create | Villager (Male) |
| 3:43 | Create | Villager (Male) |
| 3:52 | Build | Mill |
| 3:57 | Build | Mill |
| 4:03 | Create | Villager (Male) |
| 4:27 | Create | Villager (Male) |
| 4:46 | Build | House |
| 5:04 | Build | House |
| 5:05 | Build | House |
| 5:14 | Create | Villager (Male) |
| 5:28 | Create | Villager (Male) |
| 6:01 | Create | Villager (Male) |
| 6:38 | Create | Villager (Male) |
| 7:06 | Research | Feudal Age |
| 7:41 | Build | Lumber Camp |
| 7:49 | Build | House |
| 8:17 | Build | Barracks |
| 8:20 | Create | Villager (Male) |
| 8:34 | Build | House |
| 9:16 | Age | Feudal Age |
| 9:18 | Build | Stable |
| 9:21 | Research | Double-Bit Axe |
| 9:22 | Create | Villager (Male) |
| 9:34 | Build | Palisade Gate |
| 9:41 | Create | Villager (Male) |
| 10:01 | Build | Market |
| 10:01 | Create | Villager (Male) |
| 10:02 | Create | Villager (Male) |
| 10:02 | Create | Villager (Male) |
| 10:08 | Build | Palisade Wall |
| 10:09 | Create | Scout Cavalry |
| 10:09 | Create | Scout Cavalry |
| 10:13 | Build | Palisade Wall |
| 10:16 | Build | Palisade Wall |
| 10:28 | Build | Farm |
| 10:48 | Build | House |
| 11:09 | Create | Villager (Male) |
| 11:09 | Create | Villager (Male) |
| 12:21 | Build | House |
| 12:37 | Build | House |
| 12:45 | Build | House |
| 13:18 | Build | Archery Range |
| 13:25 | Build | Stone Wall |
| 13:37 | Build | Stone Wall |
| 13:43 | Build | Stone Wall |
| 13:52 | Create | Villager (Male) |
| 13:52 | Create | Villager (Male) |
| 13:53 | Build | Farm |
| 14:03 | Build | Farm |
| 14:13 | Build | Gate |
| 14:14 | Build | Stone Wall |
| 14:20 | Build | Mining Camp |
| 14:25 | Build | Stone Wall |
| 14:27 | Create | Villager (Male) |
| 14:38 | Create | Archer |
| 14:40 | Create | Archer |
| 14:55 | Build | Farm |
| 14:56 | Build | Farm |
| 14:58 | Create | Archer |
| 15:03 | Create | Villager (Male) |
| 15:11 | Build | Farm |
| 15:12 | Build | Farm |
| 15:14 | Create | Villager (Male) |
| 15:14 | Create | Archer |
| 15:29 | Build | Archery Range |
| 15:50 | Build | Blacksmith |
| 15:56 | Create | Villager (Male) |
| 15:57 | Create | Villager (Male) |
| 15:57 | Create | Archer |
| 16:13 | Create | Villager (Male) |
| 16:24 | Build | Farm |
| 16:25 | Create | Archer |
| 16:25 | Create | Archer |
| 16:28 | Create | Villager (Male) |
| 16:39 | Research | Fletching |
| 16:43 | Build | Farm |
| 16:56 | Create | Villager (Male) |
| 17:06 | Build | Farm |
| 17:09 | Build | Farm |
| 17:22 | Create | Archer |
| 17:22 | Create | Villager (Male) |
| 17:40 | Create | Archer |
| 17:40 | Create | Archer |
| 17:42 | Create | Villager (Male) |
| 17:47 | Build | Stable |
| 17:54 | Create | Villager (Male) |
| 18:21 | Create | Villager (Male) |
| 18:23 | Build | House |
| 18:33 | Create | Scout Cavalry |
| 18:33 | Create | Scout Cavalry |
| 18:56 | Create | Archer |
| 18:56 | Create | Villager (Male) |
| 19:05 | Build | Farm |
| 19:05 | Build | Farm |
| 19:10 | Create | Scout Cavalry |
| 19:11 | Create | Archer |
| 19:14 | Build | Farm |
| 19:19 | Build | Mining Camp |
| 19:33 | Create | Archer |
| 19:36 | Build | House |
| 19:41 | Create | Archer |
| 19:42 | Create | Scout Cavalry |
| 19:45 | Build | House |
| 19:46 | Build | House |
| 19:56 | Create | Villager (Male) |
| 19:58 | Build | Farm |
| 19:59 | Build | Farm |
| 20:10 | Create | Archer |
| 20:10 | Create | Scout Cavalry |
| 20:16 | Create | Villager (Male) |
| 20:17 | Create | Archer |
| 20:36 | Research | Padded Archer Armor |
| 20:49 | Create | Archer |
| 20:58 | Create | Archer |
| 20:58 | Create | Scout Cavalry |
| 21:00 | Create | Villager (Male) |
| 21:02 | Create | Villager (Male) |
| 21:03 | Build | Mill |
| 21:05 | Build | House |
| 21:31 | Create | Spearman |
| 21:32 | Create | Spearman |
| 21:33 | Create | Archer |
| 21:44 | Create | Villager (Male) |
| 21:45 | Create | Archer |
| 21:45 | Create | Scout Cavalry |
| 22:05 | Create | Spearman |
| 22:06 | Research | Scale Mail Armor |
| 22:45 | Build | Watch Tower |
| 23:09 | Create | Villager (Male) |
| 23:09 | Create | Spearman |
| 23:10 | Create | Spearman |
| 23:10 | Create | Archer |
| 23:13 | Build | House |
| 23:22 | Research | Forging |
| 23:47 | Create | Spearman |
| 23:48 | Create | Archer |
| 24:12 | Create | Archer |
| 24:15 | Create | Villager (Male) |
| 24:18 | Build | Farm |
| 24:19 | Build | Farm |
Match timeline
| 8:17 | DS_Alec · first_building Barracks |
| 8:54 | Kaydos · first_building Barracks |
| 8:54 | Kaydos · age_up feudal |
| 9:16 | DS_Alec · age_up feudal |
| 9:18 | DS_Alec · first_building Stable |
| 10:08 | DS_Alec · wall_segment Palisade Wall x2 |
| 10:13 | DS_Alec · wall_segment Palisade Wall x5 |
| 10:16 | DS_Alec · wall_segment Palisade Wall x5 |
| 13:18 | DS_Alec · first_building Archery Range |
| 13:25 | DS_Alec · wall_segment Stone Wall x5 |
| 13:37 | DS_Alec · wall_segment Stone Wall x6 |
| 13:43 | DS_Alec · wall_segment Stone Wall x2 |
| 13:57 | Kaydos · wall_segment Palisade Wall x1 |
| 14:14 | DS_Alec · wall_segment Stone Wall x1 |
| 14:25 | DS_Alec · wall_segment Stone Wall x2 |
| 15:23 | Kaydos · first_building Archery Range |
| 15:43 | Kaydos · wall_segment Palisade Wall x4 |
| 15:59 | Kaydos · wall_segment Palisade Wall x1 |
| 16:03 | Kaydos · wall_segment Palisade Wall x1 |
| 16:40 | Kaydos · wall_segment Palisade Wall x8 |
| 17:07 | Kaydos · wall_segment Palisade Wall x1 |
| 18:02 | Kaydos · wall_segment Palisade Wall x1 |
| 18:15 | Kaydos · first_market_sell 100 wood |
| 19:38 | Kaydos · first_building Stable |
| 21:00 | Kaydos · wall_segment Palisade Wall x6 |
| 21:06 | Kaydos · age_up castle |
| 21:20 | Kaydos · first_building Siege Workshop |
| 21:26 | Kaydos · first_building Monastery |
| 22:48 | Kaydos · first_market_buy 100 wood |
| 24:40 | Kaydos · wall_segment Palisade Wall x3 |
| 25:38 | DS_Alec · wall_segment Palisade Wall x1 |
| 25:39 | DS_Alec · wall_segment Palisade Wall x1 |
| 25:41 | DS_Alec · wall_segment Palisade Wall x1 |
| 26:05 | DS_Alec · first_market_buy 100 food |
| 28:01 | DS_Alec · wall_segment Palisade Wall x1 |
| 28:02 | DS_Alec · wall_segment Palisade Wall x1 |
| 28:03 | DS_Alec · wall_segment Palisade Wall x1 |
| 28:46 | DS_Alec · age_up castle |
| 31:40 | Kaydos · wall_segment Palisade Wall x1 |
| 34:57 | DS_Alec · first_building Siege Workshop |
| 37:14 | DS_Alec · first_market_sell 100 wood |
| 40:41 | DS_Alec · first_building Castle |
| 41:59 | DS_Alec · wall_segment Stone Wall x6 |
| 42:00 | DS_Alec · wall_segment Stone Wall x1 |
| 42:01 | DS_Alec · wall_segment Stone Wall x1 |
| 42:10 | DS_Alec · wall_segment Stone Wall x22 |
| 44:01 | DS_Alec · wall_segment Stone Wall x1 |
| 44:30 | DS_Alec · first_building Monastery |
| 46:25 | DS_Alec · wall_segment Stone Wall x5 |
| 47:05 | Kaydos · first_building Castle |
| 48:10 | DS_Alec · age_up imperial |
| 48:19 | Kaydos · age_up imperial |
| 58:15 | Kaydos · wall_segment Stone Wall x12 |
| 58:20 | Kaydos · wall_segment Stone Wall x16 |
| 58:28 | Kaydos · wall_segment Stone Wall x4 |
| 59:03 | Kaydos · wall_segment Stone Wall x1 |
| 59:08 | Kaydos · wall_segment Stone Wall x1 |
| 61:49 | DS_Alec · wall_segment Palisade Wall x1 |
| 72:12 | Kaydos · resign |
[ AI ANALYSIS · 1 CREDIT ]
What really happened in this match?
Wolo.gg analyzes every decision: build order, eco, micro, common mistakes by bracket. Personalized analysis on WhatsApp or Discord in 30 seconds.
Civ guide
Teutons
Perfil
Jugador #208839